 Dungeon Crawl Stone Soup version 0.21.1-1-g345015fe64 (webtiles) character file.

1570 Kejsarherre the Skirmisher (level 8, 0/65 HPs)
             Began as a Demonspawn Gladiator on May 10, 2018.
             Was a Follower of Okawaru.
             Slain by a vampire (12 damage)
             ... on level 7 of the Dungeon.
             The game lasted 00:10:38 (4801 turns).

Kejsarherre the Skirmisher (Demonspawn Gladiator)   Turns: 4801, Time: 00:10:39

Health: 0/65       AC:  8    Str: 16    XL:     8   Next: 59%
Magic:  8/8        EV: 19    Int: 10    God:    Okawaru [*.....]
Gold:   362        SH:  6    Dex: 20    Spells: 5/7 levels left

rFire    . . .     SeeInvis .   C - +0 morningstar
rCold    . . .     Gourm    .   w - +0 buckler
rNeg     . . .     Faith    .   p - +0 troll leather armour
rPois    .         Spirit   .   (helmet restricted)
rElec    .         Reflect  .   (no cloak)
rCorr    .         Harm     .   (no gloves)
MR       .....                  u - +0 pair of boots (curse)
Stlth    +++.......             (no amulet)
HPRegen  0.60/turn              (no ring)
MPRegen  0.11/turn              (no ring)

@: agile, flying
A: horns 1, thin metallic scales 2, spiny 1, rot immunity
a: Heroism, Renounce Religion


You were on level 7 of the Dungeon.
You worshipped Okawaru.
Okawaru was aware of your devotion.
You were not hungry.

You visited 2 branches of the dungeon, and saw 8 of its levels.

You collected 362 gold pieces.

Inventory:

Hand Weapons
 C - a +0 morningstar (weapon)
Missiles
 d - 4 throwing nets (quivered)
Armour
 p - a +0 troll leather armour (worn)
 u - a cursed +0 pair of boots (worn)
 w - a +0 buckler (worn)
Scrolls
 b - 3 scrolls of remove curse {unknown}
 e - 4 scrolls of enchant weapon {unknown}
 h - 3 scrolls of identify {unknown}
 i - 3 scrolls of fog {unknown}
 j - a scroll of random uselessness {unknown}
 n - 2 scrolls of amnesia {unknown}
 o - 2 scrolls of teleportation {unknown}
 r - a scroll of magic mapping {unknown}
 s - 4 scrolls of enchant armour {unknown}
 t - 3 scrolls of noise {unknown}
 y - 2 scrolls of fear {unknown}
Potions
 g - 2 potions of haste {unknown}
 k - 2 potions of agility
 l - 2 potions of flight
 m - 2 potions of heal wounds {unknown}
 q - 2 potions of curing {unknown}
 v - a potion of ambrosia {unknown}
 x - a potion of might {unknown}
 A - a potion of brilliance {unknown}
Books
 a - a book of Maledictions

   Spells                             Type                      Level
   a - Corona                         Hexes                        1
   b - Ensorcelled Hibernation        Hexes/Ice                    2
   c - Confuse                        Hexes                        3
   d - Tukima's Dance                 Hexes                        3
   e - Dazzling Spray                 Conjuration/Hexes            3
 B - a book of Minor Magic

   Spells                             Type                      Level
   a - Magic Dart                     Conjuration                  1
   b - Blink                          Translocation                2
   c - Call Imp                       Summoning                    2
   d - Slow                           Hexes                        2
   e - Conjure Flame                  Conjuration/Fire             3
   f - Mephitic Cloud                 Conjuration/Poison/Air       3
Comestibles
 f - 11 rations


   Skills:
 + Level 6.6 Fighting
 + Level 6.3 Maces & Flails
 - Level 1.7 Throwing
 + Level 2.2 Armour
 + Level 3.6 Dodging
 - Level 4.0 Shields


You had 5 spell levels left.
You knew the following spells:

 Your Spells              Type           Power        Failure   Level  Hunger
a - Blink                 Tloc           N/A          56%         2    ###....


Dungeon Overview and Level Annotations

Branches:
Dungeon (7/15)             Temple (1/1) D:6

Altars:
Ashenzari
Elyvilon
Hepliaklqana
Okawaru
Qazlal
Trog
Yredelemnul

Shops:
D:7 (


Innate Abilities, Weirdness & Mutations

You have a pair of small horns on your head.
You are mostly covered in thin metallic scales. (AC +3)
You are partially covered in sharp spines.
You are immune to rotting.


Message History

* * * LOW HITPOINT WARNING * * *
The vampire draws strength from your injuries!
You closely miss the vampire.
The vampire is lightly damaged.
The vampire misses you. You block the vampire's attack.
It was a potion of agility.
You feel agile all of a sudden. The vampire misses you.
The vampire completely misses you.
It was a potion of flight.
You feel very buoyant.
You fly up into the air.
The vampire hits you but does no damage.
The vampire misses you.
You hit the vampire but do no damage.
The vampire is lightly damaged.
You block the vampire's attack. The vampire bites you.
* * * LOW HITPOINT WARNING * * *
The vampire draws strength from your injuries!
The vampire misses you. The vampire bites you!
You die...

......#.....#
......#.....###+## ...#
......#.....##...# ...#
......#.....##...# ...#
......#..........# ...+
......#.....##...# ...#
......#.....##...# ...#
......'....).....##...#
......####+###..@V....#
......[ #......?.+
........ #...##...#
######... #...# ...#
.... #...+ ...# .....
+...# ...# ...... #...#
...# #+### ...# ...#


You could see a vampire.

Vanquished Creatures
  Prince Ribbit (D:6)
  2 ice beasts
  An orc warrior (D:5)
  A black bear (D:5)
  A centaur (D:5)
  A scorpion (D:6)
  2 crimson imps (D:5)
  A quasit (D:5)
  4 hounds
  5 orc priests
  A bullfrog skeleton (D:7)
  A gnoll shaman (D:5)
  3 orc wizards
  2 iguanas
  3 worker ants
  7 adders
  5 gnolls (D:5)
  3 shadow imps
  An ooze (D:5)
  An adder zombie (D:5)
  A worm (D:3)
  2 dart slugs
  2 leopard geckos (D:3)
  12 orcs
  3 giant cockroaches
  14 goblins
  5 hobgoblins
  7 jackals
  11 kobolds
  A ball python (D:1)
  9 bats
  9 frilled lizards
  A quokka skeleton (D:2)
  7 rats
130 creatures vanquished.

Notes
Turn   | Place    | Note
-------+----------+-------------------------------------------
     0 | D:1      | Kejsarherre the Demonspawn Gladiator began the quest for the Orb.
     0 | D:1      | Reached XP level 1. HP: 16/16 MP: 1/1
   130 | D:1      | Gained mutation: You are partially covered in sharp spines. [demonic ancestry]
   130 | D:1      | Reached XP level 2. HP: 21/23 MP: 2/2
   674 | D:2      | Reached XP level 3. HP: 25/28 MP: 3/3
   759 | D:2      | Gained mutation: You are partially covered in thin metallic scales. (AC +2) [demonic ancestry]
   759 | D:2      | Reached XP level 4. HP: 27/35 MP: 4/4
   963 | D:4      | Gained mutation: You are mostly covered in thin metallic scales. (AC +3) [demonic ancestry]
   963 | D:4      | Reached XP level 5. HP: 41/42 MP: 5/5
  1686 | D:5      | Entered Level 5 of the Dungeon
  1714 | D:5      | Noticed a centaur
  1721 | D:5      | Killed a centaur
  1721 | D:5      | Gained mutation: You have a pair of small horns on your head. [demonic ancestry]
  1721 | D:5      | Reached XP level 6. HP: 46/50 MP: 6/6
  1743 | D:5      | Reached skill level 5 in Maces & Flails
  1795 | D:5      | Reached skill level 5 in Fighting
  1981 | D:5      | Noticed an ice beast
  2123 | D:5      | Killed an ice beast
  2123 | D:5      | Gained mutation: You are immune to rotting. [demonic ancestry]
  2123 | D:5      | Reached XP level 7. HP: 57/57 MP: 7/7
  2495 | D:6      | Found a staircase to the Ecumenical Temple.
  2504 | D:6      | Reached skill level 1 in Shields
  2690 | Temple   | Entered the Ecumenical Temple
  2708 | Temple   | Became a worshipper of Warmaster Okawaru
  3717 | D:3      | Reached XP level 8. HP: 52/64 MP: 8/8
  4277 | D:6      | Noticed Prince Ribbit
  4305 | D:6      | Killed Prince Ribbit
  4305 | D:6      | Reached skill level 1 in Armour
  4309 | D:6      | Learned a level 2 spell: Blink
  4314 | D:6      | Found a white marble altar of Elyvilon.
  4330 | D:6      | Reached * piety under Okawaru
  4741 | D:7      | Found Jopistis's Weapon Emporium.
  4801 | D:7      | Slain by a vampire

Skill      XL: |  1  2  3  4  5  6  7  8 |
---------------+-------------------------+-----
Maces & Flails | 3 4 5 6 |  6.3
Fighting       | 3 4 5 6 |  6.6
Shields        | 4 |  4.0
Armour         | 2 |  2.2
Dodging        | 3 |  3.6
Throwing       | |  1.7

Action                   |  1- 3 |  4- 6 |  7- 9 || total
-------------------------+-------+-------+-------++-------
Melee: Flail             |    61 |    92 |   163 ||   316
       Headbutt          |       |     7 |    33 ||    40
       Morningstar       |       |       |    18 ||    18
  Use: Potion            |       |       |     2 ||     2
 Stab: Sleeping          |       |     1 |       ||     1
  Eat: Chunk             |       |     4 |     9 ||    13
Armor: Leather armour    |    16 |       |       ||    16
       Troll leather arm |     8 |    54 |    58 ||   120
Dodge: Dodged            |    35 |    65 |   109 ||   209
Block: Buckler           |       |       |    36 ||    36
